 Dungeon Crawl Stone Soup version 0.31.0-32-g396128a36d (webtiles) character file.

Game seed: 17724171664534059204

31182 jagang the Carver (level 13, -9/108 HPs)
             Began as a Human Monk on Mar 12, 2024.
             Was a High Priest of Okawaru.
             Mangled by a wolf spider simulacrum (12 damage)
             ... on level 15 of the Dungeon.
             The game lasted 00:40:51 (13938 turns).

jagang the Carver (Human Monk)                     Turns: 13938, Time: 00:40:52

Health: -9/108     AC: 19    Str: 13    XL:     13   Next: 56%
Magic:  18/18      EV:  6    Int: 11    God:    Okawaru [*****.]
Gold:   840        SH:  0    Dex: 19    Spells: 12/12 levels left

rFire   . . .        g - +2 scimitar (elec)
rCold   . . .        d - orb {light}
rNeg    . . .        C - +0 plate armour
rPois   .            l - +0 helmet
rElec   .            N - +0 cloak
rCorr   +            t - +0 pair of gloves
SInv    .            z - +0 pair of boots
Will    .....        S - amulet of regeneration Stlth
                     e - +4 ring of slaying
HPRegen 1.18/turn    I - ring of resist corrosion
MPRegen 0.16/turn

%: no passive effects
@: glowing
A: explore regen
a: Renounce Religion, Heroism, Finesse, Duel


You were on level 15 of the Dungeon.
You worshipped Okawaru.
Okawaru was extremely pleased with you.
You visited 2 branches of the dungeon, and saw 16 of its levels.

You collected 936 gold pieces.
You spent 96 gold pieces at shops.

Inventory:

Hand Weapons
 g - a +2 scimitar of electrocution (weapon)
 n - a +6 long sword
 s - a +2 long sword of flaming
 F - a +0 scimitar
 T - the +8 frozen axe "Frostbite" {freeze, freezing cloud, *Noise Fly rC+}
   (You found it on level 10 of the Dungeon)

   rC+:       It protects you from cold.
   Fly:       It grants you flight.
   *Noise:    It may make a loud noise when swung.
Missiles
 h - 4 silver javelins
 m - 47 poisoned darts
 o - 9 boomerangs (quivered)
 A - 8 curare-tipped darts
 J - 12 javelins
Armour
 d - an orb of light (worn)
 l - a +0 helmet (worn)
 t - a +0 pair of gloves (worn)
 z - a +0 pair of boots (worn)
 C - a +0 plate armour (worn)
 N - a +0 cloak (worn)
Jewellery
 c - the amulet of Paranoia {RegenMP -Tele Rampage rN+ Will+}
   (You found it on level 12 of the Dungeon)

   [amulet of magic regeneration]

   RegenMP:   It increases your rate of magic regeneration.
   rN+:       It protects you from negative energy.
   Will+:     It increases your willpower.
   -Tele:     It prevents most forms of teleportation.
   Rampage:   It bestows one free step when moving towards enemies.
 e - a +4 ring of slaying (left hand)
 I - a ring of resist corrosion (right hand)
 L - a ring of flight
 S - an amulet of regeneration (around neck)
 Z - an amulet of reflection
Wands
 x - a wand of flame (14)
 y - a wand of mindburst (16)
 B - a wand of digging (7)
 O - a wand of roots (12)
Scrolls
 a - 3 scrolls of fear
 b - 4 scrolls of teleportation
 i - 3 scrolls of immolation
 v - 2 scrolls of revelation
 w - a scroll of vulnerability
 G - 3 scrolls of enchant weapon
 H - a scroll of enchant armour
 K - 2 scrolls of noise
 V - a scroll of silence
 Y - 2 scrolls of poison
Potions
 f - 3 potions of lignification
 j - 5 potions of curing
 k - a potion of cancellation {unknown}
 p - 2 potions of brilliance
 q - 2 potions of mutation
 r - 4 potions of haste
 u - a potion of enlightenment
 E - 3 potions of heal wounds {unknown}
 M - a potion of magic
 P - a potion of invisibility {unknown}
 Q - a potion of might {unknown}
 W - a potion of attraction {unknown}
Miscellaneous
 U - a phial of floods


   Skills:
 * Level 12.0 Fighting
 - Level 14.1 Long Blades
 - Level 5.0 Axes
 + Level 4.3 Throwing
 * Level 8.1 Armour
 + Level 5.1 Dodging
 - Level 4.5 Shields
 - Level 7.3 Invocations
 + Level 1.3 Evocations


You had 12 spell levels left.
You didn't know any spells.
Your spell library contained the following spells:

 Spells                   Type           Power      Damage    Failure   Level
 Shock                    Conj/Air       0%         1d3       100%        1
 Sublimation of Blood     Necr           0%         N/A       100%        2
 Swiftness                Air            0%         N/A       100%        3
 Volatile Blastmotes      Fire/Tloc      0%         2d10      100%        3
 Airstrike                Air            0%         2d(0-16)  100%        4
 Fulminant Prism          Conj/Alch      0%         3d5       100%        4
 Iskenderun's Mystic Bla  Conj/Tloc      0%         2d3       100%        4
 Call Imp                 Summ           Unusable   N/A       N/A         2
 Summon Hydra             Summ           Unusable   N/A       N/A         7

Dungeon Overview and Level Annotations

Branches:
Dungeon (15/15)            Temple (1/1) D:7            Lair (0/5) D:10
    Orc (0/2) D:10         Vaults (0/5) D:13
 Depths: D:15

Altars:
Ashenzari
Cheibriados
Dithmenos
Elyvilon
Fedhas
Gozag
Hepliaklqana
Kikubaaqudgha
Makhleb
Nemelex Xobeh
Okawaru
Qazlal
Ru
Sif Muna
Trog
Uskayaw
Vehumet
Wu Jian
Xom
Yredelemnul
Zin
The Shining One

Shops:
D:2 ?![   D:4 (

Annotations:
D:10 2 runed translucent doors, Valrug's ghost, journeyman GrEE


Innate Abilities, Weirdness & Mutations

You regain HP and MP as you explore.


Message History

The centaur kicks you but does no damage.
The wolf spider simulacrum barely misses you.
The wolf spider simulacrum bites you.
The wolf spider simulacrum freezes you!!
The centaur warrior hits you but does no damage.
The centaur warrior kicks you but does no damage.
The centaur unwields a +0 shortbow.
The centaur hits you but does no damage.
The centaur kicks you but does no damage.
The centaur hits you but does no damage.
The centaur barely misses you.
The wolf spider simulacrum attacks as it pursues you!
The wolf spider simulacrum hits you!
The wolf spider simulacrum freezes you!!
* * * LOW HITPOINT WARNING * * *
The wolf spider simulacrum bites you but does no damage.
The centaur wields a +0 shortbow.
The centaur shoots an arrow.
The arrow hits you but does no damage.
The centaur unwields a +0 shortbow.
The centaur hits you but does no damage.
The centaur kicks you.
* * * LOW HITPOINT WARNING * * *
The centaur wields a +0 shortbow.
The centaur shoots an arrow.
The arrow closely misses you.
The centaur warrior wields a +0 shortbow.
The centaur warrior shoots an arrow.
The arrow barely misses you.
As you read the scroll of fear, it crumbles to dust.
You assume a fearsome visage.
The wolf spider simulacrum is unaffected.
The centaur warrior looks frightened!
The centaur looks frightened! x3
You hit the wolf spider simulacrum.
The wolf spider simulacrum is lightly damaged.
The wolf spider simulacrum hits you!
* * * LOW HITPOINT WARNING * * *
The wolf spider simulacrum freezes you!!
* * * LOW HITPOINT WARNING * * *
The wolf spider simulacrum bites you.
* * * LOW HITPOINT WARNING * * *
The wolf spider simulacrum freezes you!
You die...

....###.# ####....#
......#.####.......#
..........##.#######
..........##.#
......)[..##.#
#######...##.#
#.#.)..#
.########.#.##.+
#.......#.#@####
+.......'.#Z##
#.......###..##
........# #...#
........# #.#.#
........# #.#.##
........###.#..####
..............(....
.##########'###.###


You could see a wolf spider simulacrum.

Vanquished Creatures
  Frances (D:11)
  Gastronok (D:8)
  2 hydras (D:13)
  2 centaur warriors
  2 dancing weapons (D:13)
  2 boulder beetles
  4 two-headed ogres
  A tengu warrior (D:13)
  5 skeletal warriors (D:15)
  An arcanist (D:10)
  2 deep elf pyromancers
  7 cyclopes
  2 manticores
  A manticore (shapeshifter) (D:14)
  A meliai (shapeshifter) (D:14)
  Maggie (D:8)
  2 gargoyles
  Jeremiah (D:8)
  3 rime drakes (D:10)
  A komodo dragon (D:11)
  A freezing wraith (D:10)
  3 polar bears (D:10)
  2 trolls
  A hornet (shapeshifter) (D:14)
  A raiju (shapeshifter) (D:13)
  A centaur simulacrum (D:10)
  3 slime creatures (D:12)
  A shadow (D:10)
  A basilisk (D:13)
  6 yaks (D:10)
  4 wraiths
  Eustachio (D:5)
  4 wyverns
  3 steam dragons (D:7)
  2 acid dragons
  4 orc warriors
  3 sky beasts
  9 ice beasts
  A black bear (D:5)
  A wolf (D:10)
  15 centaurs
  2 phantoms (D:6)
  A bullfrog (D:8)
  8 kobold brigands
  2 gnoll sergeants
  A scorpion (D:5)
  8 wights
  10 killer bees
  3 howler monkeys (D:7)
  A crimson imp (D:10)
  2 jellies
  4 orc priests
  A bombardier beetle (D:5)
  A gnoll bouda (D:8)
  3 hounds
  3 iguanas
  10 orc wizards
  15 gnolls
  5 adders
  A shadow imp (D:5)
  A white imp (D:6)
  A howler monkey simulacrum (D:10)
  6 ufetubi
  A ribbon worm (D:2)
  37 orcs
  6 ball pythons
  6 bats
  8 endoplasms
  2 giant cockroaches
  2 hobgoblins
  6 jackals
  33 kobolds
  3 quokkas
  2 frilled lizards (D:2)
  5 goblins
  3 rats
312 creatures vanquished.

Notes
Turn   | Place    | Note
-------+----------+-------------------------------------------
     0 | D:1      | jagang the Human Monk began the quest for the Orb.
     0 | D:1      | Reached XP level 1. HP: 18/18 MP: 1/1
    39 | D:1      | Found a faded altar of an unknown god.
   224 | D:1      | Reached XP level 2. HP: 24/24 MP: 2/2
   729 | D:2      | Found Xafila Lull's Magic Scroll Boutique.
   826 | D:2      | Reached XP level 3. HP: 21/29 MP: 3/3
   871 | D:2      | Found Xofa's Armour Shop.
   924 | D:2      | Found Wusmuoxy's Distillery.
   934 | D:2      | Bought a potion of curing for 36 gold pieces
  1046 | D:2      | Bought a scroll of identify for 20 gold pieces
  1046 | D:2      | Bought a scroll of identify for 20 gold pieces
  1046 | D:2      | Bought a scroll of identify for 20 gold pieces
  1286 | D:3      | Reached skill level 1 in Throwing
  1337 | D:3      | Reached skill level 4 in Long Blades
  1337 | D:3      | Reached XP level 4. HP: 10/35 MP: 4/4
  1787 | D:3      | You fall into a shaft and drop 1 floor!
  2039 | D:3      | Found a glowing silver altar of Zin.
  2039 | D:3      | Found a sacrificial altar of Ru.
  2040 | D:3      | Found a blossoming altar of Fedhas.
  2242 | D:4      | Reached XP level 5. HP: 42/42 MP: 5/5
  2258 | D:4      | Found Umobriam's Antique Weapon Shoppe.
  2276 | D:4      | Noticed a sky beast
  2293 | D:4      | Killed a sky beast
  2294 | D:4      | Reached skill level 5 in Long Blades
  2294 | D:4      | Reached XP level 6. HP: 35/48 MP: 6/6
  2337 | D:4      | Found a stormy altar of Qazlal.
  2550 | D:4      | Found a hazy altar of Hepliaklqana.
  2892 | D:5      | Entered Level 5 of the Dungeon
  2893 | D:5      | Noticed an ice beast
  2900 | D:5      | Killed an ice beast
  3006 | D:5      | Found a shimmering blue altar of Sif Muna.
  3051 | D:5      | Reached XP level 7. HP: 50/55 MP: 7/7
  3102 | D:5      | Noticed Eustachio
  3117 | D:5      | Killed Eustachio
  3118 | D:5      | Reached skill level 5 in Fighting
  3118 | D:5      | Reached skill level 6 in Long Blades
  3407 | D:5      | Reached skill level 7 in Long Blades
  3691 | D:6      | Reached XP level 8. HP: 61/63 MP: 8/8
  3856 | D:6      | Noticed a wyvern
  3860 | D:6      | Killed a wyvern
  3861 | D:6      | Reached skill level 8 in Long Blades
  4567 | D:7      | Reached skill level 9 in Long Blades
  4567 | D:7      | Reached XP level 9. HP: 15/71 MP: 9/9
  4830 | D:7      | Found a staircase to the Ecumenical Temple.
  4840 | Temple   | Entered the Ecumenical Temple
  4876 | Temple   | Became a worshipper of Warmaster Okawaru
  4876 | Temple   | Reached * piety under Okawaru
  4876 | Temple   | Reached ** piety under Okawaru
  4999 | D:7      | Reached skill level 1 in Invocations
  5624 | D:7      | Reached skill level 10 in Long Blades
  6032 | D:8      | Found a burning altar of Makhleb.
  6037 | D:8      | Found an opulent altar of Gozag.
  6072 | D:8      | Reached *** piety under Okawaru
  6255 | D:8      | Noticed Gastronok
  6270 | D:8      | Killed Gastronok
  6270 | D:8      | Reached **** piety under Okawaru
  6271 | D:8      | Reached skill level 11 in Long Blades
  6271 | D:8      | Reached XP level 10. HP: 75/82 MP: 11/13
  6325 | D:8      | Found a broken altar of Ashenzari.
  6357 | D:8      | Noticed Jeremiah
  6366 | D:8      | Killed Jeremiah
  6367 | D:8      | Reached skill level 5 in Invocations
  6447 | D:8      | Found a shimmering altar of Xom.
  6455 | D:8      | Noticed Maggie
  6466 | D:8      | Killed Maggie
  6466 | D:8      | Reached ***** piety under Okawaru
  6798 | D:8      | Reached skill level 12 in Long Blades
  7923 | D:9      | Found a glowing golden altar of the Shining One.
  8995 | D:10     | Entered Level 10 of the Dungeon
  9057 | D:10     | Reached XP level 11. HP: 77/84 MP: 15/15
  9070 | D:10     | Found a radiant altar of Vehumet.
  9177 | D:10     | Found a staircase to the Lair.
  9262 | D:10     | Reached skill level 13 in Long Blades
  9305 | D:10     | Found a large runed translucent door.
  9306 | D:10     | Found a large runed translucent door.
  9307 | D:10     | Noticed Valrug's ghost (journeyman GrEE)
  9319 | D:10     | Found a staircase to the Orcish Mines.
  9582 | D:10     | Found the +8 frozen axe "Frostbite" {freeze, freezing
                  | cloud, *Noise Fly rC+}
  9641 | D:10     | Noticed a two-headed ogre
  9649 | D:10     | Killed a two-headed ogre
  9649 | D:10     | Received a gift from Okawaru
  9650 | D:10     | Reached skill level 10 in Fighting
  9650 | D:10     | Reached skill level 1 in Axes
  9778 | D:10     | Noticed an arcanist
  9787 | D:10     | Killed an arcanist
 10686 | D:11     | Noticed a two-headed ogre
 10693 | D:11     | Reached skill level 14 in Long Blades
 10696 | D:11     | Killed a two-headed ogre
 10697 | D:11     | Reached XP level 12. HP: 40/98 MP: 17/17
 11170 | D:12     | Noticed Frances
 11172 | D:12     | Noticed a two-headed ogre
 11177 | D:12     | Noticed a boulder beetle
 11195 | D:11     | Killed Frances
 11195 | D:11     | Received a gift from Okawaru
 11196 | D:11     | Reached skill level 1 in Shields
 11238 | D:11     | Killed a two-headed ogre
 11254 | D:11     | Killed a boulder beetle
 11680 | D:12     | Identified the amulet of Paranoia {RegenMP -Tele Rampage
                  | rN+ Will+}
 11878 | D:13     | Noticed a five-headed hydra
 11883 | D:13     | Killed a one-headed hydra
 11954 | D:13     | Received a gift from Okawaru
 11958 | D:13     | Noticed a centaur warrior
 11996 | D:13     | Killed a centaur warrior
 12122 | D:13     | Noticed a tengu warrior
 12127 | D:13     | Killed a tengu warrior
 12128 | D:13     | Reached skill level 5 in Armour
 12138 | D:13     | Noticed an entropy weaver
 12146 | D:13     | an entropy weaver changed into a raiju
 12150 | D:13     | Reached skill level 5 in Axes
 12176 | D:13     | Found a gate to the Vaults.
 12179 | D:13     | Noticed a five-headed hydra
 12195 | D:13     | Killed a three-headed hydra
 12308 | D:13     | Noticed a two-headed ogre
 12317 | D:13     | Killed a two-headed ogre
 12417 | D:13     | Received a gift from Okawaru
 12418 | D:13     | Reached XP level 13. HP: 85/106 MP: 18/18
 13330 | D:14     | Found a blossoming altar of Fedhas.
 13654 | D:15     | Entered Level 15 of the Dungeon
 13756 | D:15     | Reached ****** piety under Okawaru
 13757 | D:15     | Reached skill level 5 in Dodging
 13776 | D:15     | Received a gift from Okawaru
 13777 | D:15     | Reached skill level 1 in Evocations
 13938 | D:15     | HP: 3/108 [wolf spider simulacrum (5)]
 13938 | D:15     | Mangled by a wolf spider simulacrum

Illustrated notes

Levels and vault maps discovered:
D:1:      shiori_arrival_elements, layout_loops_ring,
          ebering_ecumenical_altar_sacrificial
D:2:      layout_rooms, serial_shops, shop, nicolae_shop_hallway_stairs,
          nicolae_shop_waterfront
D:3:      layout_loops_ring, gammafunk_temple_overflow_claw
D:4:      layout_loops_ring, mainiacjoe_overflow_six_doors_small,
          nicolae_qazlal_beasts_of_the_sky, serial_shops, shop
D:5:      layout_basic, lemuel_round_altar, uniq_eustachio
D:6:      layout_rooms
D:7:      layout_gridville, minmay_temple_entry_mini_moons, minivault_5
D:8:      layout_basic, mainiacjoe_overflow_surrounded_room,
          evilmike_ruin_ashenzari, jmf_multi_god_temple, minmay_orc_keep,
          uniq_gastronok, uniq_maggie, uniq_jeremiah
D:9:      layout_gridville, tso_altar
D:10:     minmay_coctagon, layout_loops_corners,
          mainiacjoe_overflow_concentric_impassable, hellmonk_lair_entry_icy,
          orc_0_dummy, ebering_ghost_disaster_area, serial_bayou_lagoon_a,
          lightli_wizard_tower
D:11:     layout_basic
D:12:     layout_rooms, uniq_frances
D:13:     layout_roguey, erik_vaults_1
D:14:     layout_cave_pools, fedhas_altar_3
D:15:     gammafunk_enter_depths_forms, layout_basic, abandoned_shop
Temple:   hellmonk_temple_beads

Skill      XL: |  1  2  3  4  5  6  7  8  9 10 11 12 13 |
---------------+----------------------------------------+-----
Throwing       | 1 2 3 4 |  4.3
Long Blades    | 4 5 7 9 11 12 14 | 14.1
Fighting       | 4 5 6 8 9 10 11 12 | 12.0
Invocations    | 4 6 7 |  7.3
Axes           | 3 5 |  5.0
Armour         | 6 8 |  8.1
Shields        | 4 |  4.5
Dodging        | 5 |  5.1
Evocations     | 1 |  1.3

Action                     |  1- 3 |  4- 6 |  7- 9 | 10-12 | 13-15 || total
---------------------------+-------+-------+-------+-------+-------++-------
  Melee: Falchion          |    77 |    27 |       |       |       ||   104
         Long sword        |       |    68 |   168 |   405 |   141 ||   782
         Scimitar          |       |       |       |       |     3 ||     3
  Throw: Boomerang         |       |    15 |    34 |    77 |     5 ||   131
         Dart              |       |       |     3 |    11 |    14 ||    28
         Javelin           |       |       |       |    14 |       ||    14
         Throwing net      |       |       |       |       |     1 ||     1
 Invoke: Heroism           |       |       |       |     3 |     1 ||     4
         Finesse           |       |       |       |     2 |       ||     2
  Evoke: Wand              |       |       |       |     3 |       ||     3
    Use: Scroll            |     4 |     3 |     4 |    12 |     4 ||    27
         Potion            |       |       |       |     1 |     1 ||     2
   Stab: Held in net/web   |       |       |       |       |     1 ||     1
 Armour: Robe              |    21 |       |       |       |       ||    21
         Scale mail        |     9 |    23 |       |       |       ||    32
         Chain mail        |       |    54 |   104 |       |       ||   158
         Plate armour      |       |       |    72 |   484 |   187 ||   743
  Dodge: Dodged            |    40 |    40 |    52 |    90 |    37 ||   259
